 Dungeon Crawl Stone Soup version 0.31.0-11-ge490571c62 (webtiles) character file.

Game seed: 889559446987147625

45 Inchmeat the Trooper (level 3, 0/24 HPs)
             Began as a Gargoyle Gladiator on Feb 6, 2024.
             Slain by a goblin
             ... wielding a +0 club
             ... led by Robin
              (5 damage)
             ... on level 2 of the Dungeon.
             The game lasted 00:01:49 (909 turns).

Inchmeat the Trooper (Gargoyle Gladiator)            Turns: 909, Time: 00:01:49

Health: 0/24       AC:  7    Str: 17    XL:     3   Next: 64%
Magic:  3/3        EV: 12    Int: 10    God:
Gold:   68         SH:  5    Dex: 11    Spells: 2/2 levels left

rFire   . . .        a - +0 quarterstaff
rCold   . . .        (shield currently unavailable)
rNeg    + . .        b - +0 leather armour
rPois   ∞            c - +0 helmet
rElec   +            (no cloak)
rCorr   .            (no gloves)
SInv    .            (no boots)
Will    .....        g - amulet of reflection
Stlth   +            (no ring)
HPRegen 0.24/turn    (no ring)
MPRegen 0.08/turn

%: reflection
@: no status effects
A: sickness immunity, AC +3, negative energy resistance 1, electricity
resistance, torment resistance 1, petrification resistance
a: no special abilities


You were on level 2 of the Dungeon.
You visited 1 branch of the dungeon, and saw 2 of its levels.

You collected 68 gold pieces.

Inventory:

Hand Weapons
 a - a +0 quarterstaff (weapon)
Missiles
 d - 3 throwing nets (quivered)
 e - a javelin
Armour
 b - a +0 leather armour (worn)
 c - a +0 helmet (worn)
Jewellery
 g - an amulet of reflection (around neck)
Scrolls
 f - a scroll of brand weapon {unknown}
 i - a scroll of amnesia {unknown}
 j - a scroll of revelation {unknown}
 l - a scroll of butterflies {unknown}
 n - a scroll of poison {unknown}
 o - a scroll of noise {unknown}
Potions
 h - a potion of degeneration {unknown}
 k - a potion of brilliance {unknown}
 m - a potion of curing {unknown}


   Skills:
 * Level 4.3 Fighting
 - Level 3.0 Staves
 - Level 1.7 Throwing
 - Level 2.4 Dodging


You had 2 spell levels left.
You didn't know any spells.
Your spell library contained the following spells:

 Spells                   Type           Power      Damage    Failure   Level
 Sting                    Conj/Alch      0%         1d3       43%         1
 Mercury Vapours          Alch/Air       0%         N/A       56%         2
 Olgreb's Toxic Radiance  Alch           0%         N/A       99%         4


Dungeon Overview and Level Annotations

Branches:
Dungeon (2/15)

Altars:


Innate Abilities, Weirdness & Mutations

You are immune to sickness and miasma.
Your stone body is resilient. (AC +3)
You are immune to poison.
You resist negative energy. (rN+)
You are resistant to electric shocks. (rElec)
You are resistant to unholy torment.
You are immune to petrification.


Message History

A goblin comes into view. It is wielding a +0 dagger.
You take 1 damage, and have 23/24 hp.
You sock Robin!
Robin is severely wounded.
Robin throws the goblin at you! The goblin hits you but does no damage.
You take 2 damage, and have 21/24 hp.
You barely miss Robin.
Robin is severely wounded.
The goblin hits you but does no damage.
A goblin comes into view. It is wielding a +0 club.
Robin completely misses you.
A goblin comes into view. It is wielding a +0 dagger.
The goblin hits you but does no damage. x2
You hit Robin.
Robin is severely wounded.
Robin barely misses you.
A hobgoblin comes into view.
The goblin hits you but does no damage. x2; The hobgoblin barely misses you.
A goblin comes into view. It is wielding a +0 club.
Robin roars a battlecry!
The goblins go into a battle-frenzy!
The goblin barely misses you.
The hobgoblin shouts!
You sock Robin!
You kill Robin!
The goblin hits you with a +0 club. The hobgoblin hits you.
The goblin hits you but does no damage. You block the goblin's attack.
You take 4 damage, and have 17/24 hp.
You hit the hobgoblin.
You kill the hobgoblin!
The goblin hits you with a +0 club. You block the goblin's attack.
The goblin hits you with a +0 dagger. x2
* * * LOW HITPOINT WARNING * * *
A goblin comes into view. It is wielding a +0 dagger.
You take 12 damage, and have 5/24 hp.
MASSIVE DAMAGE!!
You are too injured to fight recklessly!
You are too injured to fight recklessly!
You are too injured to fight recklessly!
The goblin hits you with a +0 club.
You die...

#......##.#
##...#.##.## ##
#...#...... .#
#........###.#
#...####.#...##
##......gg.g...#
#+##......g##.....#
.........gg.##.....#
.....#..@...###...##
#######>†gg.# ##.##
#......# #)#
#.!..g..# #.#
#).......# #.#
#.#####$.... ... ...
#.#####..# .# ...
.## .# #.


You could see a hobgoblin (strong) and 7 goblins.

Vanquished Creatures
  Robin (D:2)
  5 ball pythons (D:1)
  2 bats (D:1)
  5 endoplasms
  4 giant cockroaches (D:1)
  3 hobgoblins
  3 quokkas (D:1)
  2 frilled lizards (D:1)
  4 kobolds
  A rat (D:1)
30 creatures vanquished.

Notes
Turn   | Place    | Note
-------+----------+-------------------------------------------
     0 | D:1      | Inchmeat the Gargoyle Gladiator began the quest for the
                  | Orb.
     0 | D:1      | Reached XP level 1. HP: 12/12 MP: 1/1
   420 | D:1      | Reached XP level 2. HP: 18/18 MP: 2/2
   424 | D:1      | Reached skill level 3 in Fighting
   623 | D:1      | Reached XP level 3. HP: 24/24 MP: 3/3
   879 | D:2      | Reached skill level 4 in Fighting
   897 | D:2      | Identified the +1 helmet "Mulal" {Harm ^Drain rElec Regen+}
   897 | D:2      | Noticed Robin
   907 | D:2      | Killed Robin
   909 | D:2      | Slain by a goblin

Illustrated notes

Levels and vault maps discovered:
D:1:      beargit_arrival_diablo_church, layout_basic, minmay_tiny_reverse_x
D:2:      layout_loops_cross, kennysheep_jessica_study, uniq_robin, uniq_sigmund

Skill      XL: |  1  2  3 |
---------------+----------+-----
Fighting       | 3 4 |  4.3
Staves         | |  3.0
Throwing       | |  1.7
Dodging        | |  2.4

Action                     || total
---------------------------++-------
  Melee: Quarterstaff      ||    78
 Armour: Leather armour    ||    51
  Dodge: Dodged            ||    59
  Block: Other             ||    20
         Reflection        ||     2
